 Dungeon Crawl Stone Soup version 0.28-a0-998-gb9e9c7b67e (webtiles) character file.

Game seed: 10123873403680589169

56 demibob the Poker (level 3, -5/27 HPs)
             Began as a Demonspawn Wanderer on Dec 6, 2021.
             Was a Believer of Lugonu.
             Slain by an ogre (20 damage)
             ... on level 2 of the Dungeon.
             The game lasted 00:02:08 (1812 turns).

demibob the Poker (Demonspawn Wanderer)             Turns: 1812, Time: 00:02:08

Health: -5/27      AC:  8    Str: 17    XL:     3   Next: 71%
Magic:  3/3        EV: 10    Int: 12    God:    Lugonu [**....]
Gold:   87         SH:  0    Dex: 10    Spells: 2/2 levels left

rFire   . . .      SeeInvis .   a - +2 spear
rCold   . . .      Faith    +   (no shield)
rNeg    . . .      Spirit   .   c - +0 ring mail
rPois   .          Reflect  .   (no helmet)
rElec   .          Harm     .   (no cloak)
rCorr   .          Rampage  .   (no gloves)
Will    .....                   k - +0 pair of boots
Stlth   +.........              l - amulet of faith {!P}
HPRegen 0.09/turn               (no ring)
MPRegen 0.16/turn               (no ring)

@: no status effects
A: slimy green scales 1, magic regeneration
a: Renounce Religion, Depart the Abyss, Bend Space


You were on level 2 of the Dungeon.
You worshipped Lugonu.
Lugonu was pleased with you.
You visited 1 branch of the dungeon, and saw 2 of its levels.

You collected 87 gold pieces.


Innate Abilities, Weirdness & Mutations

You are partially covered in slimy green scales. (AC +2)
You regenerate magic rapidly.


   Skills:
 - Level 2.0 Fighting
 * Level 3.2 Polearms
 - Level 2.6 Armour
 - Level 2.6 Stealth
 + Level 1.2 Invocations
 - Level 1.0 Evocations


You had 2 spell levels left.
You didn't know any spells.
Your spell library was empty.

Inventory:

Hand Weapons
 a - a +2 spear (weapon)
 d - a +0 dagger
Missiles
 g - 8 poisoned darts (quivered)
 j - 5 javelins
Armour
 c - a +0 ring mail (worn)
 k - a +0 pair of boots (worn)
Magical Staves
 f - a staff of air {!a}
 h - a staff of fire {!a}
Jewellery
 l - an amulet of faith (around neck) {!P}
Scrolls
 e - a scroll of teleportation {unknown}
Potions
 b - 2 potions of lignification
 i - a potion of cancellation {unknown}

Dungeon Overview and Level Annotations

Branches:
Dungeon (2/15)

Altars:
Lugonu

Annotations:
D:2 1 runed translucent door, Crazy Yiuf

............#.....#
########
............#.....#
............#.....#
............#.....#
.......######.....#
.......# #.....#
.......#
#....)########
.......#
####.............
.......#
(..(..O@.........
########
(.....#..........
......#..........
......#..........
##### #..........
###########
♣♣♣♣♣### ▒▒▒
♣♣♣.♣.P#.##


You could see an ogre (very poisoned).


Message History

An ogre comes into view. It is wielding a +0 giant spiked club.
An ogre is nearby!
You throw a poisoned dart. The poisoned dart hits the ogre.
The ogre is poisoned.
You throw a poisoned dart. The poisoned dart hits the ogre.
The ogre looks even sicker.
The ogre is lightly wounded.
You throw a poisoned dart. The poisoned dart hits the ogre.
You throw a poisoned dart.
The poisoned dart closely misses the ogre.
You throw a poisoned dart. The poisoned dart hits the ogre.
The ogre looks even sicker.
The ogre is lightly wounded.
You throw a poisoned dart.
The poisoned dart barely misses the ogre.
You reach to attack!
You barely miss the ogre.
The ogre is lightly wounded.
You puncture the ogre!
The ogre is heavily wounded.
The ogre hits you with a +0 giant spiked club!
You hit the ogre.
The ogre is severely wounded.
The ogre barely misses you.
You closely miss the ogre.
The ogre is severely wounded.
You barely miss the ogre.
The ogre is severely wounded.
The ogre hits you with a +0 giant spiked club!!
Ouch! That really hurt!
You die...

Skill      XL: |  1  2  3 |
---------------+----------+-----
Polearms       | 2 3 |  3.2
Invocations    | 1 |  1.2
Fighting       | |  2.0
Armour         | |  2.6
Stealth        | |  2.6
Evocations     | |  1.0

Action                   || total
-------------------------++-------
Melee: Spear             ||   134
Throw: Dart              ||     6
 Stab: Sleeping          ||     4
Armor: Ring mail         ||    37
Dodge: Dodged            ||    52

Levels and vault maps discovered:
D:1:      shiori_arrival_oz, layout_rooms, hellmonk_ecumenical_altar_zigzags
D:2:      layout_basic, uniq_crazy_yiuf_cottage

Notes
Turn   | Place    | Note
-------+----------+-------------------------------------------
     0 | D:1      | demibob the Demonspawn Wanderer began the quest for the
                  | Orb.
     0 | D:1      | demibob set off with the following items: a +2 spear, a
                  | potion of lignification, a +0 ring mail, a +0 dagger
     0 | D:1      | Reached XP level 1. HP: 16/16 MP: 1/1
   196 | D:1      | Reached skill level 2 in Polearms
   196 | D:1      | Gained mutation: You regenerate magic rapidly. [demonic
                  | ancestry]
   196 | D:1      | Reached XP level 2. HP: 14/22 MP: 2/2
   431 | D:1      | Found a faded altar of an unknown god.
   447 | D:1      | Prayed at the altar of an unknown god.
   447 | D:1      | Became a worshipper of Lugonu the Unformed
   447 | D:1      | Reached * piety under Lugonu
   447 | D:1      | Reached ** piety under Lugonu
   981 | D:2      | Gained mutation: You are partially covered in slimy green
                  | scales. (AC +2) [demonic ancestry]
   981 | D:2      | Reached XP level 3. HP: 27/27 MP: 3/3
  1171 | D:2      | Reached skill level 3 in Polearms
  1258 | D:2      | Found a runed translucent door.
  1259 | D:2      | Noticed Crazy Yiuf
  1436 | D:2      | Reached skill level 1 in Invocations
  1801 | D:2      | Noticed an ogre
  1812 | D:2      | Slain by an ogre

Vanquished Creatures
  An adder (D:2)
  7 endoplasms
  A giant cockroach (D:1)
  4 goblins
  6 jackals (D:2)
  A quokka (D:2)
  4 ball pythons
  5 bats
  2 frilled lizards
  4 kobolds (D:1)
  8 rats
43 creatures vanquished.

Table legend: (Time is in decaauts)
 A = Elapsed time spent in this place.
 B = Non-inter-level travel time spent in this place.
 C = Inter-level travel time spent in this place.
 D = Time resting spent in this place.
 E = Time spent auto-exploring this place.
 F = Levels seen in this place.
 G = Mean time per level.
                   A        B        C        D        E       F      G
               +--------+--------+--------+--------+--------+-----+--------+
         Total |   1808 |   1782 |     26 |    243 |   1218 |   2 |  904.0 |
       Dungeon |   1808 |   1782 |     26 |    243 |   1218 |   2 |  904.0 |
               +--------+--------+--------+--------+--------+-----+--------+

Top non-repeatable levels by time:
     D:1: 946 daAuts
     D:2: 861 daAuts

Table legend:
 A = Non-vault XP
 B = Vault XP
 C = Vault XP percentage of total XP
 D = Non-vault monster count
 E = Vault monster count
 F = Vault count percentage of total count
                 A         B        C        D         E       F
            +---------+---------+-------+---------+---------+-------
      Total |      77 |       4 |   4.9 |      41 |       2 |   4.7
            +---------+---------+-------+---------+---------+-------
        D:1 |      36 |       4 |  10.0 |      24 |       2 |   7.7
        D:2 |      41 |       0 |   0.0 |      17 |       0 |   0.0
            +---------+---------+-------+---------+---------+-------
